 Dungeon Crawl Stone Soup version 0.28-a0-1182-g381e24db82 (webtiles) character file.

Game seed: 7323223558126203735

17 lonewolfV2 the Skirmisher (level 2, -1/25 HPs)
             Began as a Djinni Chaos Knight on Dec 16, 2021.
             Was a Plaything of Xom.
             Slain by a jackal (2 damage)
             ... on level 1 of the Dungeon.
             The game lasted 00:00:55 (480 turns).

lonewolfV2 the Skirmisher (Djinni Chaos Knight)      Turns: 480, Time: 00:00:56

Health: -1/25      AC:  5    Str: 11    XL:     2   Next: 80%
Gold:   37         EV: 12    Int: 13    God:    Xom [*.....] SH:  0 Dex: 12

rFire   + + .      SeeInvis .     - Unarmed
rCold   x . .      Faith    .   (no shield)
rNeg    . . .      Spirit   .   a - +2 leather armour
rPois   ∞          Reflect  .   (no helmet)
rElec   .          Harm     .   (no cloak)
rCorr   .          Rampage  .   (no gloves)
Will    .....                   (boots unavailable)
Stlth   +.........              (no amulet)
HPRegen 0.08/turn               (no ring)
MPRegen 0.00/turn               (no ring)

@: flying
A: sickness immunity, fire resistance 2, cold vulnerability 1, float, innate
caster, hp casting, extra vitality 1
a: Renounce Religion


You were on level 1 of the Dungeon.
You worshipped Xom.
You were a special plaything of Xom.
You visited 1 branch of the dungeon, and saw 1 of its levels.

You collected 37 gold pieces.

Inventory:

Armour
 a - a +2 leather armour (worn)
Scrolls
 b - a scroll of identify {unknown}
Potions
 c - 2 potions of might {unknown}


   Skills:
 + Level 3.3 Fighting
 + Level 1.1 Armour
 + Level 2.4 Dodging
 + Level 3.3 Unarmed Combat


You had one spell level left.
You didn't know any spells.
Your spell library was empty.

Dungeon Overview and Level Annotations

Branches:
Dungeon (1/15)

Altars:


Innate Abilities, Weirdness & Mutations

You are immune to sickness and miasma.
You are immune to poison.
Your flesh is very heat resistant. (rF++)
You are vulnerable to cold. (rC-)
You float through the air rather than walking.
You learn spells naturally, not from books.
Your magical power is your life essence.
You have superior vitality. (+4 HP)


Message History

You see here a ball python corpse.
The jackal bites you. x2
You barely miss the jackal.
The jackal is heavily wounded.
The jackal bites you.
The jackal bites you but does no damage.
You closely miss the jackal. Your punch misses the jackal.
The jackal is moderately wounded.
The jackal bites you. x2
* * * LOW HITPOINT WARNING * * *
The jackal bites you but does no damage.
The jackal bites you.
* * * LOW HITPOINT WARNING * * *
You hit the jackal but do no damage.
The jackal is moderately wounded.
The jackal bites you but does no damage. x2
You miss the jackal.
The jackal is moderately wounded.
The jackal bites you.
* * * LOW HITPOINT WARNING * * *
The jackal bites you but does no damage.
You hit the jackal but do no damage.
The jackal is moderately wounded.
The jackal pauses to sniff the ground.
The jackal misses you. The jackal barely misses you.
The jackal closely misses you. x2
You barely miss the jackal.
The jackal is moderately wounded.
The jackal bites you.
* * * LOW HITPOINT WARNING * * *
The jackal barely misses you.
You hit the jackal.
The jackal is severely wounded.
The jackal bites you but does no damage.
The jackal misses you.
Unknown command.
You closely miss the jackal.
The jackal is severely wounded.
The jackal closely misses you. The jackal misses you. The jackal bites you.
You die...

*#, *#..####.####
*....##..##..#
###.##........## # *
##...######...###### *
##.....## #........#
#.......# ##..####.. ,
#.......# #### #### * ,
#.......# #... * *
*####...@h.####### #...
*,
*.......†h.....†.#####...
*
*.###.......####.........
, *,* #..######
#######... *, **,,**###**
,,,*** *** #.[. , ,,,**
,,, ** , * ,,,**#... * ,
**,,,,* *,,,***,,, *#...
** *,**,,*,,**, ,, **,,*
,##.# *,*,,**, *,, *,
,*,, ,#.#


You could see 2 jackals.

Vanquished Creatures
  An adder (D:1)
  A hobgoblin (D:1)
  A jackal (D:1)
  A kobold (D:1)
  A quokka (D:1)
  A ball python (D:1)
  A frilled lizard (D:1)
  2 rats (D:1)
9 creatures vanquished.

Notes
Turn   | Place    | Note
-------+----------+-------------------------------------------
     0 | D:1      | lonewolfV2 the Djinni Chaos Knight began the quest for the
                  | Orb.
     0 | D:1      | Reached XP level 1. HP: 20/20 MP: 0/0
   141 | D:1      | XOM: silly message
   205 | D:1      | XOM: silly message
   303 | D:1      | XOM: noise
   311 | D:1      | Reached XP level 2. HP: 23/25 MP: 0/0
   348 | D:1      | XOM: god gift: viscous cyan potion {god gift}
   460 | D:1      | XOM: divination: magic mapping
   463 | D:1      | XOM: polymorph ball python -> adder
   478 | D:1      | HP: 1/25 [jackal (1)]
   480 | D:1      | Slain by a jackal

Illustrated notes

Levels and vault maps discovered:
D:1:      dpeg_arrival_tiny_c, layout_rooms, hangedman_glass_teeth,
          lemuel_old_faithful

Action                   || total
-------------------------++-------
Melee: Unarmed           ||    49
Armor: Leather armour    ||    49
Dodge: Dodged            ||    39

Table legend: (Time is in decaauts)
 A = Elapsed time spent in this place.
 B = Non-inter-level travel time spent in this place.
 C = Inter-level travel time spent in this place.
 D = Time resting spent in this place.
 E = Time spent auto-exploring this place.
 F = Levels seen in this place.
 G = Mean time per level.
                   A        B        C        D        E       F      G
               +--------+--------+--------+--------+--------+-----+--------+
         Total |    477 |    456 |     21 |    151 |    127 |   1 |  477.0 |
       Dungeon |    477 |    456 |     21 |    151 |    127 |   1 |  477.0 |
               +--------+--------+--------+--------+--------+-----+--------+

Top non-repeatable levels by time:
     D:1: 477 daAuts
